 Dungeon Crawl Stone Soup version 0.20.1-1-g8b1a95d (webtiles) character file.

41 Lanoc the Ruffian (level 3, -3/34 HPs)
             Began as a Naga Berserker on Nov 23, 2017.
             Was a Follower of Trog.
             Slain by a leopard gecko (4 damage)
             ... on level 2 of the Dungeon.
             The game lasted 00:06:28 (1165 turns).

Lanoc the Ruffian (Naga Berserker)                  Turns: 1165, Time: 00:06:29

Health: -3/34      AC:  2    Str: 20    XL:     3   Next: 52%
Magic:  3/3        EV: 10    Int:  7    God:    Trog [*.....]
Gold:   116        SH:  0    Dex: 10    Spells: 2/2 levels left

rFire    . . .     SeeInvis +     - Unarmed
rCold    . . .     Gourm    .   (no shield)
rNeg     . . .     Faith    .   a - +0 animal skin
rPois    +         Spirit   .   (no helmet)
rElec    .         Reflect  .   (no cloak)
rCorr    .         Harm     .   (no gloves)
MR       .....                  (no barding)
Stlth    +.........             (no amulet)
Regen    0.2/turn               (no ring)
MPRegen  0.1/turn               (no ring)

@: very slow
A: see invisible, deformed body, poison resistance, slowness 2, slow metabolism
1, spit poison 1, AC +1
a: Spit Poison, Berserk, Burn Spellbooks, Renounce Religion


You were on level 2 of the Dungeon.
You worshipped Trog.
Trog was aware of your devotion.
You were not hungry.

You visited 1 branch of the dungeon, and saw 2 of its levels.

You collected 116 gold pieces.

Inventory:

Missiles
 j - 5 tomahawks (quivered)
Armour
 a - a +0 animal skin (worn)
Scrolls
 c - a scroll of remove curse {unknown}
 d - a scroll of fog {unknown}
 g - 2 scrolls of teleportation {unknown}
 h - a scroll of fear {unknown}
 k - a scroll of identify {unknown}
 n - a scroll of recharging {unknown}
Potions
 b - a potion of ambrosia {unknown}
 e - a potion of degeneration {unknown}
 i - a potion of might {unknown}
 l - a potion of haste {unknown}
 m - a potion of lignification {unknown}
Comestibles
 f - 8 chunks of flesh
 o - a meat ration


   Skills:
 + Level 3.5 Fighting
 + Level 1.7 Armour
 + Level 1.8 Dodging
 + Level 3.6 Unarmed Combat


You had 2 spell levels left.
You didn't know any spells.

Dungeon Overview and Level Annotations

Branches:
Dungeon (2/15)

Altars:


Innate Abilities, Weirdness & Mutations

You cannot wear boots.
Your serpentine skin is tough. (AC +1)
You have supernaturally acute eyesight. (SInv)
Armour fits poorly on your strangely shaped body.
Your system is resistant to poisons. (rPois)
You cover ground very slowly.
You have a slow metabolism.
You can spit poison.


Message History

The leopard gecko misses you.
You hit the leopard gecko but do no damage.
The leopard gecko is severely wounded.
The leopard gecko barely misses you.
You miss the leopard gecko.
The leopard gecko is severely wounded.
The leopard gecko bites you. x2
* * * LOW HITPOINT WARNING * * *
You barely miss the leopard gecko. Your punch misses the leopard gecko.
The leopard gecko is severely wounded.
The leopard gecko bites you.
* * * LOW HITPOINT WARNING * * *
You hit the leopard gecko but do no damage.
The leopard gecko is severely wounded.
You recover from your berserk rage.
The leopard gecko bites you but does no damage.
You miss the leopard gecko. Your punch misses the leopard gecko.
The leopard gecko is severely wounded.
The leopard gecko bites you.
You die...

#......... #.#
##.##.#### #.# #.##.#
#.# ##.##.# #.#
####..##.# #.#
#........### ###.#
#.##.##......
#.###!..####.##.##..####
#.....l@............#
#.###......#.##.##.##
............##.##.#####
...##...................
.. #...........####.###
# ##)....####.# ##....#
#... ####.# ##### #.#


You could see a leopard gecko.

Vanquished Creatures
  2 worms (D:2)
  A dart slug (D:1)
  A ball python (D:1)
  2 bats (D:1)
  3 giant cockroaches
  7 goblins
  5 hobgoblins (D:1)
  3 jackals (D:2)
  A kobold (D:2)
  2 frilled lizards (D:1)
  2 rats (D:1)
29 creatures vanquished.

Notes
Turn   | Place    | Note
-------+----------+-------------------------------------------
     0 | D:1      | Lanoc the Naga Berserker began the quest for the Orb.
     0 | D:1      | Reached XP level 1. HP: 21/21 MP: 1/1
   318 | D:1      | Reached XP level 2. HP: 21/28 MP: 2/2
   651 | D:1      | Reached XP level 3. HP: 30/34 MP: 3/3
  1163 | D:2      | HP: 1/34 [leopard gecko (5)]
  1165 | D:2      | Slain by a leopard gecko

Action                   || total
-------------------------++-------
Melee: Dagger            ||    38
       Unarmed           ||    83
Invok: Berserk           ||     8
 Stab: Distracted        ||     1
  Eat: Chunk             ||     4
       Bread ration      ||     1
Armor: Animal skin       ||    24
Dodge: Dodged            ||    67
